Map: Odyssée EC

Players

defer - Winner!

  • Race: Zerg Zerg
  • League: Platinum
  • Spawn Location: 5:00

Stampede

  • Race: Protoss Protoss
  • League: Platinum
  • Spawn Location: 11:00

VOD

Have the link to the VOD?

Description

Time

  • Played on: Aug. 13, 2017, 6:33 a.m.
  • Length: 3:19
Show
View Real Time Build Order
Export as new Build Order

defer Zerg - Winner!

Build Orders: Hatch First 

Get SALT Encoding   

  12  0:00  Drone  
  13  0:08  Drone  
  14  0:39  Extractor  
  14  0:40  Hatchery  
  12  0:55  Spawning Pool  
  11  0:59  Drone  
  12  1:05  Drone  
  12  1:10  Drone  
  14  1:20  Extractor  
  14  1:21  Drone  
  14  1:42  Roach Warren  
  13  1:48  Overlord  
  13  2:21  Roach  
  13  2:22  Roach x2  
  19  2:32  Roach  
  21  2:42  Ravager  
  21  2:43  Ravager x2  
  24  2:52  Ravager  
Show
View Real Time Build Order
Export as new Build Order

Stampede Protoss 

Build Orders:  

Get SALT Encoding   

  12  0:01  Probe (Chrono Boost)  
  13  0:14  Probe (Chrono Boost)  
  14  0:22  Pylon  
  14  0:25  Probe (Chrono Boost)  
  15  0:43  Gateway  
  15  0:47  Probe (Chrono Boost)  
  16  0:52  Assimilator  
  16  0:58  Probe (Chrono Boost)  
  17  1:23  Probe (Chrono Boost)  
  18  1:33  Forge  
  18  1:34  Pylon x2  
  18  1:38  Pylon  
  18  1:41  Probe (Chrono Boost)  
  19  1:57  Cybernetics Core  
  19  2:08  Photon Cannon  
  19  2:10  Photon Cannon  
  19  2:13  Photon Cannon  
  19  2:26  Photon Cannon  
  19  2:31  Probe (Chrono Boost)  
  20  2:59  Nexus  
Tags
 
Add a new tag
Caveats
  • Supply blocks, unpowered buildings, or Contaminate may cause inaccurate times.
  • Supply counts are checked every 10 seconds.